 Dungeon Crawl Stone Soup version 0.28-a0-1130-gc51a68064b (webtiles) character file.

Game seed: 8575101702688330451

193 derath95 the Digger (level 5, 0/28 HPs)
             Began as a Gargoyle Earth Elementalist on Dec 12, 2021.
             Slain by a gnoll (8 damage)
             ... on level 4 of the Dungeon.
             The game lasted 00:08:59 (3404 turns).

derath95 the Digger (Gargoyle Earth Elementalist)   Turns: 3404, Time: 00:09:02

Health: 0/28       AC:  6    Str: 12    XL:     5   Next: 72%
Magic:  3/11       EV: 11    Int: 17    God:
Gold:   25         SH:  0    Dex: 10    Spells: 11/12 levels left

rFire   . . .      SeeInvis .   d - +0 mace
rCold   . . .      Faith    .   (no shield)
rNeg    + . .      Spirit   .   b - +0 robe
rPois   ∞          Reflect  .   (no helmet)
rElec   +          Harm     .   (no cloak)
rCorr   +          Rampage  .   (no gloves)
Will    .....                   (no boots)
Stlth   ++........              (no amulet)
HPRegen 0.09/turn               h - ring of resist corrosion
MPRegen 0.12/turn               k - +4 ring of slaying

@: no status effects
A: sickness immunity, AC +4, negative energy resistance 1, electricity
resistance, torment resistance 1, petrification resistance
a: no special abilities


You were on level 4 of the Dungeon.
You visited 1 branch of the dungeon, and saw 4 of its levels.

You collected 155 gold pieces.
You spent 130 gold pieces at shops.

Inventory:

Hand Weapons
 d - a +0 mace (weapon)
Missiles
 c - 21 stones
Armour
 b - a +0 robe (worn)
Jewellery
 h - a ring of resist corrosion (left hand)
 k - a +4 ring of slaying (right hand)
Scrolls
 e - 2 scrolls of brand weapon {unknown}
 f - 3 scrolls of identify {unknown}
 j - a scroll of teleportation {unknown}
Potions
 a - 3 potions of might {unknown}
 g - a potion of heal wounds {unknown}
 i - 2 potions of curing {unknown}


   Skills:
 - Level 1.5 Dodging
 - Level 2.1 Stealth
 + Level 4.0 Spellcasting
 - Level 0.7 Transmutations
 + Level 5.8 Earth Magic


You had 11 spell levels left.
You knew the following spells:

 Your Spells              Type           Power      Damage    Failure   Level
a - Sandblast             Erth           46%        2d11      1%          1

Your spell library contained the following spells:

 Spells                   Type           Power      Damage    Failure   Level
 Passwall                 Tmut/Erth      11%        N/A       6%          2
 Sting                    Tmut/Pois      16%        1d3       14%         1
 Stone Arrow              Conj/Erth      26%        3d8       14%         3
 Poisonous Vapours        Pois/Air       6%         N/A       24%         2
 Petrify                  Tmut/Erth      14%        N/A       38%         4
 Olgreb's Toxic Radiance  Pois           3%         N/A       83%         4


Dungeon Overview and Level Annotations

Branches:
Dungeon (4/15)
 Temple: D:4-7

Altars:

Shops:
D:3 [**:=


Innate Abilities, Weirdness & Mutations

You are immune to sickness and miasma.
Your stone body is resilient. (AC +4)
You are immune to poison.
You resist negative energy. (rN+)
You are resistant to electric shocks. (rElec)
You are resistant to unholy torment.
You are immune to petrification.


Message History

You kill the gnoll shaman!
The gnoll hits you from afar with a +0 spear.
Casting: Sandblast (safe; 1% risk of failure)
Confirm with . or Enter, or press ? or * to list all spells.
Aiming: Sandblast (safe; 1% risk of failure)
Press: ? - help, Shift-Dir - straight line, f - gnoll
Aim: a gnoll, wielding a +0 whip (83% to hit)
The blast of sand hits the gnoll!
The gnoll is severely wounded.
The gnoll hits you from afar with a +0 spear.
The gnoll barely misses you. x2
Casting: Sandblast (safe; 1% risk of failure)
Confirm with . or Enter, or press ? or * to list all spells.
Aiming: Sandblast (safe; 1% risk of failure)
Press: ? - help, Shift-Dir - straight line, f/p - gnoll
Aim: a gnoll, wielding a +0 whip (severely wounded, 83% to hit)
The blast of sand hits the gnoll.
The gnoll is severely wounded.
The gnoll hits you from afar with a +0 spear.
The gnoll closely misses you.
Casting: Sandblast (safe; 1% risk of failure)
Confirm with . or Enter, or press ? or * to list all spells.
Aiming: Sandblast (safe; 1% risk of failure)
Press: ? - help, Shift-Dir - straight line, f/p - gnoll
Aim: a gnoll, wielding a +0 whip (severely wounded, 83% to hit)
The blast of sand hits the gnoll.
You kill the gnoll!
The gnoll hits you from afar with a +0 spear.
* * * LOW HITPOINT WARNING * * *
The gnoll barely misses you.
Your Spellcasting skill increases to level 4!
Casting: Sandblast (safe; 1% risk of failure)
Confirm with . or Enter, or press ? or * to list all spells.
Aiming: Sandblast (safe; 1% risk of failure)
Press: ? - help, Shift-Dir - straight line, f - gnoll
Aim: a gnoll, wielding a +0 flail (83% to hit)
The blast of sand hits the gnoll!
The gnoll is almost dead.
The gnoll hits you but does no damage. The gnoll hits you with a +0 flail!
You die...

#.# #.# #.## .....
####g#
#.##############
....#
#......)........ #..#
####...>.....##.
#.g######..####.#(##.
#..g@......# #.#.##.
#.###.........#.#.##.
#.....####†##.#.#)#..
####### #.# #.#.#..
#.# ....#.. #.# #.#
#.# # #.. .. .#..###
.......


You could see 2 gnolls.

Vanquished Creatures
  A jelly (D:4)
  A gnoll shaman (D:4)
  4 gnolls
  A howler monkey skeleton (D:4)
  3 adders
  A worm (D:4)
  5 orcs (D:3)
  2 ball pythons
  4 endoplasms
  5 giant cockroaches
  3 goblins (D:4)
  6 hobgoblins
  9 bats
  2 frilled lizards
  3 kobolds
  6 rats
56 creatures vanquished.

Notes
Turn   | Place    | Note
-------+----------+-------------------------------------------
     0 | D:1      | derath95 the Gargoyle Earth Elementalist began the quest
                  | for the Orb.
     0 | D:1      | Reached XP level 1. HP: 10/10 MP: 3/3
   517 | D:1      | Reached skill level 4 in Earth Magic
   517 | D:1      | Reached XP level 2. HP: 14/15 MP: 1/5
  2037 | D:3      | Reached XP level 3. HP: 19/19 MP: 6/6
  2158 | D:3      | Found Vuffos's Assorted Antiques.
  2163 | D:3      | Found Coichix's Assorted Antiques.
  2175 | D:3      | Bought an encrusted gilded ring for 130 gold pieces
  2273 | D:3      | Reached XP level 4. HP: 24/24 MP: 5/8
  2280 | D:3      | Found Yntuex's Book Emporium.
  2311 | D:3      | Found Suthrityt's Jewellery Boutique.
  2330 | D:3      | Reached skill level 5 in Earth Magic
  2590 | D:3      | Found Regau's Antique Armour Boutique.
  3132 | D:4      | Reached XP level 5. HP: 18/28 MP: 6/10
  3404 | D:4      | Slain by a gnoll

Illustrated notes

Levels and vault maps discovered:
D:1:      psy_arrival_statuary, layout_loops_corners
D:2:      layout_basic
D:3:      layout_basic, serial_shops, shop, nicolae_shop_window_shopping,
          nicolae_square_shop, nicolae_shop_window_shopping, shop,
          minmay_misc_feat_five, grunt_ministairs_11
D:4:      layout_loops_ring, portal_sewer_entry_f

Skill      XL: |  1  2  3  4  5 |
---------------+----------------+-----
Earth Magic    | 4 5 |  5.8
Spellcasting   | 3 4 |  4.0
Dodging        | |  1.5
Stealth        | |  2.1
Transmutations | |  0.7

Action                   |  1- 3 |  4- 6 || total
-------------------------+-------+-------++-------
Melee: Unarmed           |    33 |       ||    33
       Mace              |    38 |    33 ||    71
 Cast: Sandblast         |    25 |    29 ||    54
 Stab: Sleeping          |     2 |       ||     2
Armor: Robe              |    45 |    18 ||    63
Dodge: Dodged            |    61 |    27 ||    88

Table legend: (Time is in decaauts)
 A = Elapsed time spent in this place.
 B = Non-inter-level travel time spent in this place.
 C = Inter-level travel time spent in this place.
 D = Time resting spent in this place.
 E = Time spent auto-exploring this place.
 F = Levels seen in this place.
 G = Mean time per level.
                   A        B        C        D        E       F      G
               +--------+--------+--------+--------+--------+-----+--------+
         Total |   3430 |   3307 |    123 |      0 |   2680 |   4 |  857.5 |
       Dungeon |   3430 |   3307 |    123 |      0 |   2680 |   4 |  857.5 |
               +--------+--------+--------+--------+--------+-----+--------+

Top non-repeatable levels by time:
     D:1: 1133 daAuts
     D:3: 1074 daAuts
     D:2: 910 daAuts
     D:4: 311 daAuts
